Map: Ulrena

Players

Khyira - Winner!

  • Race: Terran Terran
  • League: Grandmaster

BALTIMORE

  • Race: Terran Terran
  • League: Grandmaster

VOD

Have the link to the VOD?

Description

Time

  • Played on: Jan. 19, 2016, 3:10 p.m.
  • Length: 18:40
Show
View Real Time Build Order
Export as new Build Order

Khyira Terran - Winner!

Build Orders: Liberator Opening 

Get SALT Encoding   

  12  0:00  SCV  
  13  0:13  SCV  
  14  0:18  Supply Depot  
  14  0:25  SCV  
  15  0:40  SCV  
  15  0:42  Barracks  
  16  0:47  Refinery  
  16  0:52  SCV  
  17  1:04  SCV  
  18  1:17  SCV  
  19  1:32  Orbital Command  
  19  1:37  Barracks Reactor  
  19  1:42  Command Center  
  19  1:59  SCV  
  20  2:01  Refinery  
  20  2:06  Bunker  
  20  2:11  SCV  
  20  2:13  Marine  
  20  2:14  Marine  
  23  2:21  Supply Depot  
  23  2:25  Factory  
  23  2:42  Marine x2  
  23  2:43  SCV  
  26  2:55  SCV  
  26  2:57  Orbital Command  
  27  3:00  Engineering Bay  
  27  3:03  Marine  
  27  3:04  Marine  
  29  3:08  SCV  
  30  3:19  Starport  
  30  3:21  Factory Tech Lab  
  30  3:23  SCV  
  30  3:25  SCV  
  32  3:36  Missile Turret  
  32  3:39  SCV  
  33  3:42  Missile Turret  
  33  3:44  Missile Turret  
  33  3:51  SCV  
  33  3:53  SCV  
  35  3:58  Liberator  
  35  3:59  Supply Depot  
  35  4:07  SCV  
  35  4:09  SCV  
  37  4:12  Viking  
  42  4:19  SCV  
  42  4:21  SCV  
  44  4:25  Supply Depot, Barracks Reactor  
  44  4:38  SCV  
  44  4:40  Supply Depot x2  
  43  4:46  SCV  
  43  4:50  SCV  
  45  4:54  Refinery  
  45  4:57  Liberator x2, Siege Tank  
  45  4:58  SCV  
  49  5:02  SCV  
  46  5:10  SCV  
  46  5:14  SCV  
  50  5:31  SCV  
  50  5:37  Marine x2  
  50  5:38  Siege Tank, SCV  
  56  5:43  SCV  
  56  5:46  Terran Infantry Weapons Level 1  
  57  5:55  SCV x2  
  56  5:58  Viking x2  
  56  6:00  Marine x2  
  62  6:10  Barracks  
  62  6:11  Barracks  
  62  6:16  SCV x2  
  64  6:20  Missile Turret  
  64  6:28  Supply Depot, SCV x2  
  64  6:29  Refinery, Supply Depot  
  66  6:36  Marine  
  66  6:37  Siege Tank, Marine  
  74  6:40  SCV x2  
  74  6:41  Viking  
  74  6:45  Viking  
  77  6:52  SCV  
  77  6:53  SCV  
  79  7:07  Command Center  
  76  7:24  SCV x2  
  76  7:25  Barracks Tech Lab x2, Marine x2  
  76  7:26  Siege Tank  
  81  7:34  Medivac x2  
  81  7:36  SCV  
  81  7:37  SCV  
  83  7:46  Terran Infantry Armor Level 1  
  83  7:48  SCV  
  83  7:49  Marine x2, Marauder x2  
  83  7:50  Armory, Engineering Bay  
  90  7:54  Stimpack  
  90  7:56  SCV  
  91  8:00  SCV  
  91  8:04  Medivac  
  93  8:08  Marine  
  94  8:17  SCV  
  94  8:21  Marine, SCV  
  94  8:23  Siege Tank  
  89  8:32  Marine, Marauder x2  
  75  8:38  Marine  
  75  8:40  SCV x2  
  75  8:50  Marine  
  76  8:55  Siege Tank  
  76  8:56  Medivac x2, Barracks  
  76  8:57  Barracks  
  76  8:58  Barracks  
  83  9:03  Orbital Command  
  83  9:15  SCV x2  
  83  9:27  Siege Tank, SCV x2, Missile Turret  
  83  9:31  Refinery, Marine x2  
  89  9:32  Refinery, Marauder x2  
  89  9:33  Medivac x2  
  89  9:38  SCV  
  99  9:39  SCV  
  99  9:40  SCV  
  99  9:41  Missile Turret  
  101  9:50  SCV  
  101  9:51  Barracks Tech Lab, SCV  
  101  9:52  Marine, SCV, Barracks Reactor  
  105  10:02  SCV  
  105  10:04  SCV x2  
  107  10:08  Marauder  
  107  10:09  Marine x2, Marauder  
  107  10:10  Marine  
  107  10:11  Siege Tank  
  107  10:13  Command Center  
  109  10:23  SCV  
  108  10:28  Marine  
  108  10:37  Barracks Tech Lab, Marine  
  109  10:51  Terran Infantry Armor Level 2, Terran Infantry Weapons Level 2  
  109  10:52  Combat Shields  
  109  10:55  Concussive Shells  
  109  10:56  Missile Turret  
  109  10:57  Supply Depot  
  109  10:58  Supply Depot, Marine x2  
  109  10:59  Viking x2, Supply Depot, SCV x2  
  117  11:04  Marine  
  117  11:15  Marauder  
  116  11:19  Marauder x2  
  116  11:24  SCV x2  
  102  11:29  Marine x2, Marauder  
  102  11:30  Marine x2  
  108  11:37  Marauder  
  109  11:40  Marauder x2  
  113  11:50  Marauder  
  112  11:58  Marauder  
  115  12:01  Marauder  
  115  12:02  Marauder  
  115  12:04  Marine x2  
  115  12:05  Siege Tank  
  115  12:06  Viking x2  
  125  12:11  Marauder  
  122  12:20  Marauder  
  110  12:23  Marauder x2  
  110  12:25  Marine x3  
  110  12:26  Marine  
  114  12:31  Orbital Command  
  114  12:33  Marauder  
  114  12:34  SCV x2  
  118  12:40  Marine  
  119  12:46  Refinery  
  119  12:50  Refinery  
  119  12:56  Command Center  
  106  13:05  Marine x2, Marauder x3  
  94  13:06  Marine x2, Marauder  
  94  13:07  Siege Tank  
  94  13:08  Medivac x2  
  102  13:15  SCV x2  
  102  13:17  Terran Infantry Weapons Level 3  
  102  13:18  Starport  
  102  13:19  Starport  
  104  13:21  Terran Infantry Armor Level 3  
  104  13:24  Marine  
  104  13:25  Marine x3  
  104  13:26  Marine, Marauder  
  104  13:27  Marauder x2  
  115  13:33  Supply Depot  
  115  13:38  Medivac  
  117  13:42  Marine  
  117  13:45  Marauder  
  117  13:48  Marauder x2  
  123  13:51  Marauder  
  123  13:52  Marine x3  
  126  14:00  Marine  
  125  14:06  Marauder  
  125  14:09  Marauder x2  
  124  14:10  Marine  
  124  14:11  Viking x2  
  124  14:12  Siege Tank, Marine  
  124  14:13  Marauder  
  131  14:18  SCV  
  131  14:19  SCV x2  
  131  14:21  Planetary Fortress  
  127  14:27  Marine x2  
  127  14:28  Marine, Marauder  
  127  14:30  Marauder  
  127  14:31  SCV x2, Marauder  
  137  14:34  Marauder  
  137  14:44  Siege Tank  
  129  14:49  Marauder  
  129  14:51  Marine x3  
  129  14:52  Marauder x2  
  133  14:56  Marauder  
  124  15:00  Marine  
  125  15:09  Marine  
  125  15:10  Command Center, Marauder  
  125  15:13  Marauder x2  
  132  15:17  Marine x2, Marauder  
  132  15:32  Marauder  
  132  15:35  Marauder  
  108  15:36  Marine, Marauder  
  108  15:38  Marauder  
  98  15:43  Medivac, Thor  
  98  15:44  Medivac  
  98  15:46  Marine x3  
  111  15:53  Marine, Marauder  
  111  15:55  Supply Depot  
  111  15:56  Marauder  
  116  15:57  Supply Depot, Marauder  
  116  16:00  Marauder  
  120  16:10  Command Center  
  120  16:14  Marauder  
  120  16:17  Marine x4, Marauder  
  128  16:18  Medivac x2  
  128  16:19  Marauder  
  128  16:25  Marauder  
  133  16:35  Marine x2  
  133  16:36  Marauder  
  128  16:47  Marine, Marauder x3  
  128  16:48  Siege Tank  
  128  16:50  Starport Tech Lab, Starport Reactor  
  130  16:57  Marauder  
  121  17:08  Marauder x2  
  121  17:12  Marine x3, Marauder  
  121  17:13  Viking x2  
  121  17:15  Banshee  
  128  17:16  Cloaking Field  
  128  17:19  Marauder  
  130  17:25  Marine  
  135  17:30  Marine, Marauder x2  
  135  17:33  Marauder  
  135  17:35  Planetary Fortress  
  136  17:40  Marauder  
  136  17:42  Planetary Fortress  
  136  17:43  Refinery x2  
  136  17:46  Refinery  
  136  17:47  Viking x3  
  136  17:48  Refinery  
  136  17:50  Missile Turret  
  136  17:51  Marauder x2  
  146  17:54  Marauder  
  148  17:59  Marine  
  148  18:00  Marine x2  
  148  18:01  Marauder  
  155  18:10  Missile Turret  
  155  18:12  Missile Turret, Marauder x2  
  159  18:16  Marauder  
Show
View Real Time Build Order
Export as new Build Order

BALTIMORE Terran 

Build Orders: 1/1/1, Hellion Banshee, Mech 

Get SALT Encoding   

  12  0:01  SCV  
  13  0:13  SCV  
  14  0:18  Supply Depot  
  14  0:25  SCV  
  15  0:29  Refinery  
  15  0:39  SCV  
  16  0:45  Barracks  
  16  0:51  SCV  
  17  1:03  SCV  
  18  1:15  SCV  
  18  1:17  Refinery  
  19  1:32  Orbital Command, Marine  
  19  1:34  Factory  
  20  1:45  Supply Depot  
  20  1:50  Marine  
  21  1:57  SCV  
  22  2:09  SCV  
  22  2:11  Barracks Reactor  
  23  2:19  Factory Tech Lab, Starport  
  23  2:21  SCV  
  24  2:33  SCV  
  24  2:35  Supply Depot  
  25  2:46  SCV  
  28  2:51  Hellion x2  
  30  3:00  SCV  
  30  3:02  Banshee  
  30  3:03  Cloaking Field  
  34  3:10  Supply Depot  
  34  3:12  SCV  
  35  3:17  Hellion  
  37  3:21  Hellion  
  39  3:31  SCV  
  40  3:45  Banshee  
  43  3:52  Command Center  
  43  3:54  SCV  
  44  3:59  Hellion  
  46  4:09  SCV  
  47  4:21  Hellion x2  
  51  4:28  Viking  
  53  4:32  SCV  
  54  4:42  Factory  
  54  4:43  Factory  
  54  4:51  SCV  
  55  5:03  SCV  
  55  5:04  Hellion x2  
  57  5:15  Orbital Command, Viking, SCV  
  59  5:30  Orbital Command  
  59  5:31  SCV  
  59  5:32  Hellion x2  
  62  5:42  Factory Tech Lab x2  
  62  5:43  SCV  
  62  5:48  Viking  
  64  6:08  Siege Tank  
  67  6:12  Siege Tank  
  67  6:28  SCV x2  
  67  6:29  Hellion  
  67  6:30  Hellion  
  73  6:33  Refinery x2  
  73  6:42  Starport Reactor  
  73  6:44  SCV  
  71  6:49  Armory, Cyclone x2  
  77  6:59  SCV x2  
  77  7:00  Hellion  
  77  7:01  Hellion  
  83  7:11  SCV x2  
  82  7:21  Viking x2  
  82  7:29  SCV  
  83  7:38  Terran Vehicle Weapons Level 1  
  83  7:43  SCV x2  
  85  7:46  Supply Depot  
  85  8:07  Viking x2  
  78  8:30  Siege Tank x2  
  78  8:31  Hellion x2  
  81  8:37  Viking x2  
  81  8:41  SCV x2  
  82  8:47  Factory  
  82  8:52  Hellion  
  82  8:53  Command Center  
  84  8:56  Factory  
  82  9:10  Siege Tank x2  
  82  9:11  Hellion  
  82  9:14  Hellion  
  86  9:18  SCV  
  86  9:19  SCV  
  87  9:27  Viking  
  87  9:31  SCV x2  
  91  9:34  Refinery  
  91  9:35  Refinery  
  91  9:40  Factory Tech Lab  
  91  9:41  Factory Reactor  
  91  9:43  SCV  
  92  9:50  Hellion  
  94  9:54  Supply Depot  
  93  10:09  Viking, Siege Tank x2  
  93  10:11  Orbital Command  
  93  10:12  SCV x2  
  103  10:20  Siege Tank  
  106  10:24  SCV  
  107  10:34  Hellion  
  109  10:37  SCV x3  
  109  10:41  Siege Tank  
  115  10:54  Terran Vehicle Weapons Level 2, Hellion  
  117  11:00  Liberator  
  117  11:14  SCV x2  
  117  11:15  Siege Tank, SCV  
  117  11:16  Hellion  
  91  11:26  Siege Tank x2, Hellion  
  91  11:27  Hellion x2  
  103  11:37  Hellion  
  103  11:38  Viking  
  105  11:47  Siege Tank  
  105  11:48  Hellion x3  
  111  11:57  Command Center  
  111  12:00  Viking  
  113  12:03  Cyclone  
  116  12:08  Viking  
  115  12:16  Cyclone  
  115  12:17  Hellion x2  
  115  12:18  Hellion  
  115  12:19  Siege Tank  
  112  12:30  Viking, Hellion  
  112  12:35  Siege Tank  
  117  12:55  Hellion  
  117  12:56  Hellion x2  
  117  12:58  Siege Tank  
  117  13:00  Siege Tank  
  106  13:13  Siege Tank, Hellion  
  106  13:14  SCV x2  
  106  13:17  Hellion  
  106  13:18  Factory  
  115  13:20  Factory, Supply Depot  
  115  13:22  Factory  
  115  13:23  Engineering Bay  
  115  13:27  Viking x2  
  115  13:30  Siege Tank, Hellion  
  115  13:32  Siege Tank  
  127  13:45  Siege Tank  
  125  13:50  Hellion x3  
  129  13:59  Hellion  
  129  14:02  Siege Tank  
  134  14:04  Siege Tank  
  123  14:11  Hellion  
  111  14:17  Siege Tank  
  111  14:18  Viking x2  
  111  14:20  Planetary Fortress  
  111  14:23  Hellion x4  
  115  14:45  Factory Reactor, Factory Tech Lab  
  106  14:52  Siege Tank x2  
  105  14:53  Hellion x2  
  105  14:54  Viking  
  111  15:02  Viking  
  111  15:06  Hellion  
  115  15:23  Siege Tank, Hellion  
  115  15:24  Viking  
  112  15:38  Siege Tank  
  112  15:39  Hellion x2  
  88  15:44  Hellion  
  88  15:54  Siege Tank  
  87  16:36  Siege Tank x2  
  87  16:37  Hellion x2  
  91  16:41  SCV  
  91  16:42  SCV  
  90  16:48  Siege Tank  
  90  16:49  Hellion x5  
  83  17:03  Hellion  
  83  17:04  Hellion  
  83  17:07  Hellion  
  75  17:08  Siege Tank  
  75  17:09  Hellion  
  75  17:13  Hellion  
  80  17:25  Hellion  
  82  17:30  Siege Tank  
  82  17:36  SCV x4  
  88  17:43  Siege Tank  
  91  17:44  Hellion x2  
  91  17:48  SCV x3  
  96  18:08  Siege Tank  
  96  18:09  Hellion  
Tags
 
Add a new tag
Caveats
  • Supply blocks, unpowered buildings, or Contaminate may cause inaccurate times.
  • Supply counts are checked every 10 seconds.